Harfangs vs Staline
(R2)
Created - April 15, 2018 at 19:34
Goals
|
Harfangs |
0 |
1 |
2 |
3 |
Staline |
1 |
2 |
2 |
5 |
|
Shots
|
Harfangs |
4 |
8 |
18 |
30 |
Staline |
7 |
12 |
12 |
31 |
|
1st period
1. Staline , Philip Larsen 8 (Tyler Pitlick 39, Allen York) at 6:34 (PP)
Penalties :
Tomas Kubalik (BEA) for Hooking (Minor) at 5:56, Vojtech Polak (BEA) for Tripping (Minor) at 11:26, Stu Bickel (StJ) for Roughing (Minor) at 14:12, Reid McNeill (BEA) for Diving (Minor) at 18:09
2nd period
2. Staline , Jordan Szwarz 24 (Philip Larsen 29, James Sheppard 22) at 4:19
3. Harfangs , Tomas Kubalik 22 (Dustin Jeffrey 26) at 9:25
4. Staline , David Desharnais 33 (Tyler Pitlick 40) at 15:38
Penalties :
Andreas Martinsen (BEA) for Holding (Minor) at 1:26, Victor Bartley (BEA) for High sticking (Minor) at 1:49, Viktor Loov (StJ) for Holding (Minor) at 7:54, Victor Bartley (BEA) for Charging (Minor) at 8:13, Dustin Kohn (StJ) for Roughing (Minor) at 16:16
3rd period
5. Harfangs , Nathan Beaulieu 8 (Dylan Olsen 21, Calle Jarnkrok 40) at 1:12 (PP)
6. Staline , Lars Eller 37 (Stu Bickel 26, Nick Spaling 39) at 1:34 (PP)
7. Harfangs , Dustin Jeffrey 21 (Calle Jarnkrok 41, Boone Jenner 28) at 8:42
8. Staline , Dustin Kohn 14 (Lars Eller 60, Nick Spaling 40) at 16:32 (PP)
Penalties :
Stu Bickel (StJ) for High sticking (Minor) at 0:17, Angelo Esposito (BEA) for Tripping (Minor) at 1:25, Joel Armia (BEA) for Cross-checking (Minor) at 3:37, Angelo Esposito (BEA) for Goalie Interference (Minor) at 6:28, Joel Armia (BEA) for Hooking (Minor) at 10:45, Dylan Olsen (BEA) for Holding (Minor) at 15:52, Dylan Olsen (BEA) for Hooking (Minor) at 17:38
Goalie Stats
Andrew Hammond (BEA), 26 saves from 31 shots - (0.839), L, 30-21-4, 60:00 minutes
Allen York (StJ), 27 saves from 30 shots - (0.900), W, 37-15-6, 60:00 minutes
Players Stats for Harfangs
Player Name G A P +/- PIM S H SB GA TA FO MP PP MP PK MP
------------------------------------------------------------------------------------
Alex Plante 0 0 0 -1 0 0 0 0 0 2 0/0 3:54 0:00 0:00
Andreas Martinsen 0 0 0 -1 2 0 2 0 0 0 0/0 12:42 0:00 4:06
Angelo Esposito 0 0 0 0 4 0 1 0 0 0 1/1 6:04 1:28 0:00
Boone Jenner 0 1 1 -1 0 0 2 1 0 1 2/9 11:15 0:00 2:33
Brandon Pirri 0 0 0 0 0 2 2 0 1 0 0/0 7:25 0:58 0:00
Brandon Saad 0 0 0 0 0 0 2 0 0 0 0/0 6:51 0:00 0:10
Brenden Kichton 0 0 0 1 0 0 0 0 0 0 0/0 1:19 0:00 0:00
Brian Lashoff 0 0 0 0 0 2 1 2 0 3 0/0 28:33 2:50 9:19
Calle Jarnkrok 0 2 2 0 0 1 1 0 0 0 3/7 12:06 2:22 0:00
Cody Eakin 0 0 0 0 0 3 3 0 0 0 18/37 24:59 2:50 9:36
Colton Sissons 0 0 0 0 0 1 0 0 0 0 1/4 6:36 0:00 0:00
Dustin Jeffrey 1 1 2 1 0 7 4 1 1 1 0/0 16:10 2:22 2:53
Dylan Olsen 0 1 1 0 4 1 1 1 0 1 0/0 18:07 2:22 5:03
Jake Dotchin 0 0 0 0 0 0 0 0 0 0 0/0 3:22 0:00 2:12
Joel Armia 0 0 0 0 4 1 0 0 0 0 0/0 6:40 0:00 0:00
Jujhar Khaira 0 0 0 0 0 0 0 0 0 0 0/0 2:18 0:36 0:00
Mark Alt 0 0 0 1 0 1 0 0 0 0 0/0 7:44 0:00 0:00
Michal Repik 0 0 0 -1 0 0 0 0 0 0 0/0 8:31 0:00 0:00
Nathan Beaulieu 1 0 1 0 0 2 2 0 0 0 0/0 19:49 2:22 6:43
Nick Holden 0 0 0 1 0 0 0 1 0 0 0/0 8:47 0:00 0:41
Reid McNeill 0 0 0 -1 2 0 0 0 0 0 0/0 4:31 0:00 0:00
Sebastian Wannstrom 0 0 0 0 0 0 0 0 0 0 0/2 5:59 0:00 5:48
Tomas Kubalik 1 0 1 1 2 4 5 0 0 0 1/3 17:19 2:50 2:44
Victor Bartley 0 0 0 -1 4 4 0 0 0 0 0/0 25:07 2:49 8:05
Vojtech Polak 0 0 0 0 2 1 0 1 1 0 0/0 14:22 2:10 2:38
Players Stats for Staline
Player Name G A P +/- PIM S H SB GA TA FO MP PP MP PK MP
------------------------------------------------------------------------------------
Andrey Pedan 0 0 0 0 0 0 0 0 0 0 0/0 1:39 0:32 0:33
Barclay Goodrow 0 0 0 0 0 0 0 0 0 0 0/0 0:00 0:00 0:00
Brock Nelson 0 0 0 1 0 3 0 0 1 0 0/0 18:12 6:43 1:15
Bryan Bickell 0 0 0 1 0 0 0 0 1 0 0/0 6:27 0:00 0:33
Charles Hudon 0 0 0 0 0 0 0 0 0 0 0/0 0:00 0:00 0:00
Corey Trivino 0 0 0 1 0 0 1 1 0 0 0/0 6:12 0:00 0:00
Danny Kristo 0 0 0 -1 0 0 2 0 0 0 0/0 9:59 0:00 0:00
David Desharnais 1 0 1 1 0 2 1 0 0 1 6/10 18:12 6:43 1:15
David Musil 0 0 0 0 0 0 0 0 0 0 0/0 0:00 0:00 0:00
Dustin Kohn 1 0 1 -1 2 4 1 3 1 1 0/0 28:29 9:05 2:25
James Sheppard 0 1 1 -1 0 2 1 0 0 0 2/2 10:50 0:00 0:33
Jiri Sekac 0 0 0 0 0 0 0 0 0 0 0/0 0:00 0:00 0:00
Jordan Caron 0 0 0 0 0 2 0 1 0 0 1/3 19:55 9:08 0:00
Jordan Szwarz 1 0 1 1 0 2 0 0 1 0 1/1 5:54 0:00 0:00
Lars Eller 1 1 2 -1 0 5 5 1 0 0 19/33 25:04 9:19 3:24
Marek Zagrapan 0 0 0 -1 0 1 0 0 2 1 3/4 10:17 0:00 0:00
Mike Reilly 0 0 0 1 0 1 0 0 0 0 0/0 8:39 0:32 0:00
Nick Spaling 0 2 2 -1 0 3 1 1 0 0 5/9 25:04 9:19 3:24
Nikita Nesterov 0 0 0 1 0 0 0 0 0 0 0/0 10:47 0:00 2:49
Peter Holland 0 0 0 0 0 0 0 0 0 0 0/0 0:00 0:00 0:00
Philip Larsen 1 1 2 0 0 3 1 0 2 0 0/0 21:28 6:25 1:22
Stu Bickel 0 1 1 -1 4 2 3 0 0 0 0/0 27:54 9:05 1:44
Tyler Pitlick 0 2 2 1 0 1 2 0 0 0 0/1 16:36 6:43 0:00
Viktor Loov 0 0 0 0 2 0 1 0 0 0 0/0 21:26 6:36 1:31
3 Stars
1 - Lars Eller (StJ)
2 - Dustin Jeffrey (BEA)
3 - Philip Larsen (StJ)
Power Play
Harfangs - 1 on 4 Attempt(s) - 25.00%
Staline - 3 on 12 Attempt(s) - 25.00%
Penalty Kill
Harfangs - 9 on 12 Attempt(s) - 75.00%
- Score 0 goal in Penalty Kill
Staline - 3 on 4 Attempt(s) - 75.00%
- Score 0 goal in Penalty Kill
Team Stat
Harfangs - Hits : 26 - Faceoff Wins : 26 - Blocked Shots : 7 - Penalty Minutes : 24
Staline - Hits : 19 - Faceoff Wins : 37 - Blocked Shots : 7 - Penalty Minutes : 8
Official
Referees : StLaurent Francois and Dwyer Gord
Linesman : Andy McElman and Vaughan Rody
Game Notes
Brandon Pirri is injured at 15:01 of 2nd period (Torn Left Knee Ligaments)
Vojtech Polak is injured at 0:05 of 3rd period (Strained Right Elbow)
8:42 of 3rd period - Harfangs goal is going for a video replay. After video review, Goal.
Finance
Level 1 -- Attendance: 1640 (82.00%) -- Ticket Income $65,600
Level 2 -- Attendance: 767 (76.70%) -- Ticket Income $15,340
Total Attendance: 2407 (80.23%)
Total Ticket Income: $80,940
Other Income: $4,047
Total Income: $84,987
Harfangs
5 vs 5 Forward
Center Left Wing Right Wing Time % Phy DF OF
1 Cody Eakin Vojtech Polak Tomas Kubalik 40 1 2 2
2 Calle Jarnkrok Dustin Jeffrey Brandon Pirri 30 1 2 2
3 Boone Jenner Andreas Martinsen Michal Repik 20 1 2 2
4 Colton Sissons Brandon Saad Joel Armia 10 1 2 2
5 vs 5 Defense
Defense Defense Time % Phy DF OF
1 Victor Bartley Brian Lashoff 40 1 2 2
2 Nathan Beaulieu Dylan Olsen 30 1 2 2
3 Nick Holden Mark Alt 20 1 2 2
4 Alex Plante Reid McNeill 10 1 2 2
PowerPlay Forward
Center Left Wing Right Wing Time % Phy DF OF
1 Cody Eakin Vojtech Polak Tomas Kubalik 60 1 2 2
2 Calle Jarnkrok Dustin Jeffrey Brandon Pirri 40 1 2 2
PowerPlay Defense
Defense Defense Time % Phy DF OF
1 Victor Bartley Brian Lashoff 60 1 2 2
2 Nathan Beaulieu Dylan Olsen 40 1 2 2
Penalty Kill 4 Players Forward
Center Wing Time % Phy DF OF
1 Cody Eakin Vojtech Polak 60 1 2 2
2 Tomas Kubalik Dustin Jeffrey 40 1 2 2
Penalty Kill 4 Players Defense
Defense Defense Time % Phy DF OF
1 Victor Bartley Brian Lashoff 60 1 2 2
2 Nathan Beaulieu Dylan Olsen 40 1 2 2
Penalty Kill - 3 Players Forward
Forward Time % Phy DF OF
1 Cody Eakin 60 1 2 2
2 Vojtech Polak 40 1 2 2
Penalty Kill - 3 Players Defense
Defense Defense Time % Phy DF OF
1 Victor Bartley Brian Lashoff 60 1 2 2
2 Nathan Beaulieu Dylan Olsen 40 1 2 2
4 vs 4 Forward
Center Wing Time % Phy DF OF
1 Cody Eakin Vojtech Polak 60 1 2 2
2 Tomas Kubalik Dustin Jeffrey 40 1 2 2
4 vs 4 Defense
Defense Defense Time % Phy DF OF
1 Victor Bartley Brian Lashoff 60 1 2 2
2 Nathan Beaulieu Dylan Olsen 40 1 2 2
Last Minutes Offensive
Center Left Wing Right Wing Defense Defense
Cody Eakin Vojtech Polak Tomas Kubalik Victor Bartley Brian Lashoff
Last Minutes Defensive
Center Left Wing Right Wing Defense Defense
Cody Eakin Vojtech Polak Tomas Kubalik Victor Bartley Brian Lashoff
Goaltenders
Starting : Andrew Hammond
Backup : Anton Forsberg
Extra Forwards
Normal : Angelo Esposito, Jujhar Khaira, Sebastian Wannstrom - PP : Angelo Esposito, Jujhar Khaira - PK : Sebastian Wannstrom
Extra Defensemen
Normal : Brenden Kichton, Jake Dotchin, Nick Holden - PP : Brenden Kichton - PK : Jake Dotchin, Nick Holden
Penalty Shots
Cody Eakin, Vojtech Polak, Tomas Kubalik, Dustin Jeffrey, Brandon Pirri
Scratches
Cristoval Nieves (Healthy), John Macfarland (Healthy), Dennis Everberg (Right Knee Injury), Brendan Leipsic (Healthy), Jason Kasdorf (Healthy)
Mark Visentin (Healthy), Scott Wedgewood (Healthy)
Staline
5 vs 5 Forward
Center Left Wing Right Wing Time % Phy DF OF
1 Lars Eller Nick Spaling Jordan Caron 40 1 2 2
2 David Desharnais Brock Nelson Tyler Pitlick 30 1 2 2
3 Marek Zagrapan James Sheppard Danny Kristo 20 1 2 2
4 Corey Trivino Bryan Bickell Jordan Szwarz 10 1 2 2
5 vs 5 Defense
Defense Defense Time % Phy DF OF
1 Stu Bickel Dustin Kohn 40 1 2 2
2 Philip Larsen Viktor Loov 30 1 2 2
3 Mike Reilly Nikita Nesterov 20 1 2 2
4 Stu Bickel Dustin Kohn 10 1 2 2
PowerPlay Forward
Center Left Wing Right Wing Time % Phy DF OF
1 Lars Eller Nick Spaling Jordan Caron 60 1 2 2
2 David Desharnais Brock Nelson Tyler Pitlick 40 1 2 2
PowerPlay Defense
Defense Defense Time % Phy DF OF
1 Stu Bickel Dustin Kohn 60 1 2 2
2 Philip Larsen Viktor Loov 40 1 2 2
Penalty Kill 4 Players Forward
Center Wing Time % Phy DF OF
1 Nick Spaling Lars Eller 60 1 2 2
2 David Desharnais Brock Nelson 40 1 2 2
Penalty Kill 4 Players Defense
Defense Defense Time % Phy DF OF
1 Stu Bickel Dustin Kohn 60 1 2 2
2 Philip Larsen Viktor Loov 40 1 2 2
Penalty Kill - 3 Players Forward
Forward Time % Phy DF OF
1 Nick Spaling 60 1 2 2
2 Lars Eller 40 1 2 2
Penalty Kill - 3 Players Defense
Defense Defense Time % Phy DF OF
1 Stu Bickel Dustin Kohn 60 1 2 2
2 Philip Larsen Viktor Loov 40 1 2 2
4 vs 4 Forward
Center Wing Time % Phy DF OF
1 Nick Spaling Lars Eller 60 1 2 2
2 David Desharnais Brock Nelson 40 1 2 2
4 vs 4 Defense
Defense Defense Time % Phy DF OF
1 Stu Bickel Dustin Kohn 60 1 2 2
2 Philip Larsen Viktor Loov 40 1 2 2
Last Minutes Offensive
Center Left Wing Right Wing Defense Defense
Lars Eller Nick Spaling Jordan Caron Stu Bickel Dustin Kohn
Last Minutes Defensive
Center Left Wing Right Wing Defense Defense
Lars Eller Nick Spaling Jordan Caron Stu Bickel Dustin Kohn
Goaltenders
Starting : Allen York
Backup : Darcy Kuemper
Extra Forwards
Normal : Marek Zagrapan, Corey Trivino, James Sheppard - PP : Marek Zagrapan, Corey Trivino - PK : James Sheppard
Extra Defensemen
Normal : Mike Reilly, Nikita Nesterov, Philip Larsen - PP : Mike Reilly - PK : Nikita Nesterov, Philip Larsen
Penalty Shots
Nick Spaling, Lars Eller, David Desharnais, Brock Nelson, Jordan Caron
Scratches
Joni Ortio (Healthy), Sean Maguire (Healthy)
% Time on Ice - Harfangs
Lines # - Real PCT - Wanted PCT - Time Play
Normal Forward
1 - 31% - 40% - 11:37
2 - 28% - 30% - 10:22
3 - 23% - 20% - 8:31
4 - 18% - 10% - 6:36
Normal Defense
1 - 42% - 40% - 15:27
2 - 27% - 30% - 10:01
3 - 21% - 20% - 7:44
4 - 11% - 10% - 3:54
PP Forward
1 - 54% - 60% - 2:50
2 - 46% - 40% - 2:22
PP Defense
1 - 54% - 60% - 2:50
2 - 46% - 40% - 2:22
PK Forward
1 - 80% - 60% - 11:33
2 - 20% - 40% - 2:53
PK Defense
1 - 60% - 60% - 8:37
2 - 40% - 40% - 5:49
PK3 Forward
1 - 83% - 60% - 1:20
2 - 17% - 40% - 0:16
PK3 Defense
1 - 63% - 60% - 1:00
2 - 38% - 40% - 0:36
44 Forward
1 - 67% - 60% - 1:07
2 - 33% - 40% - 0:33
44 Defense
1 - 79% - 60% - 1:19
2 - 21% - 40% - 0:21
Last Minute Offensive - 0:00
Last Minute Defensive - 0:00
Total
Forward - 60:00
Defense - 60:00
|
% Time on Ice - Staline
Lines # - Real PCT - Wanted PCT - Time Play
Normal Forward
1 - 31% - 40% - 11:20
2 - 27% - 30% - 9:53
3 - 27% - 20% - 9:59
4 - 16% - 10% - 5:54
Normal Defense
1 - 39% - 40% - 14:24
2 - 36% - 30% - 13:20
3 - 21% - 20% - 7:46
4 - 4% - 10% - 1:36
PP Forward
1 - 58% - 60% - 9:19
2 - 42% - 40% - 6:43
PP Defense
1 - 60% - 60% - 9:37
2 - 40% - 40% - 6:25
PK Forward
1 - 76% - 60% - 3:57
2 - 24% - 40% - 1:15
PK Defense
1 - 74% - 60% - 3:50
2 - 26% - 40% - 1:22
PK3 Forward
1 - 0% - 60%
2 - 0% - 40%
PK3 Defense
1 - 0% - 60%
2 - 0% - 40%
44 Forward
1 - 79% - 60% - 1:19
2 - 21% - 40% - 0:21
44 Defense
1 - 79% - 60% - 1:19
2 - 21% - 40% - 0:21
Last Minute Offensive - 0:00
Last Minute Defensive - 0:00
Total
Forward - 60:00
Defense - 60:00
|
Play by Play
1st period
0:01 of 1st period - Lars Eller wins face-off versus Cody Eakin in neutral zone.
0:26 of 1st period - Brian Lashoff is hit by Tyler Pitlick and loses puck.
0:44 of 1st period - Icing by Brian Lashoff.
0:45 of 1st period - Boone Jenner wins face-off versus Marek Zagrapan in Harfangs zone.
0:45 of 1st period - Boone Jenner is hit by James Sheppard.
1:19 of 1st period - Slapshot by Nathan Beaulieu.
1:19 of 1st period - Shot Blocked by Corey Trivino.
1:21 of 1st period - Backhand shot by Nathan Beaulieu.
1:21 of 1st period - Shot Misses the Net.
1:39 of 1st period - Wrist shot by Lars Eller.
1:39 of 1st period - Deflect By Jordan Caron.
1:39 of 1st period - Shot Misses the Net.
1:39 of 1st period - Puck is out of play.
1:40 of 1st period - David Desharnais wins face-off versus Calle Jarnkrok in Harfangs zone.
2:14 of 1st period - Snap shot by Jordan Caron.
2:14 of 1st period - Stopped by Andrew Hammond with a rebound.
5:37 of 1st period - Wrist shot by Michal Repik.
5:37 of 1st period - Shot Blocked by Lars Eller.
5:49 of 1st period - Snap shot by Jordan Szwarz.
5:49 of 1st period - Deflect By Tomas Kubalik.
5:49 of 1st period - Stopped by Andrew Hammond with a rebound.
5:51 of 1st period - Snap shot by Jordan Szwarz.
5:51 of 1st period - Shot Misses the Net.
5:56 of 1st period - Minor Penalty to Tomas Kubalik for Hooking.
5:57 of 1st period - Lars Eller wins face-off versus Cody Eakin in Harfangs zone.
6:34 of 1st period - Slapshot by Philip Larsen.
6:34 of 1st period - Deflect By Dustin Jeffrey.
6:34 of 1st period - Goal by Philip Larsen - Harfangs : 0 - Staline : 1.
6:35 of 1st period - Jordan Caron wins face-off versus Tomas Kubalik in neutral zone.
6:40 of 1st period - Jordan Caron is hit by Tomas Kubalik and loses puck.
7:55 of 1st period - Snap shot by Vojtech Polak.
7:55 of 1st period - Stopped by Allen York with a rebound.
8:10 of 1st period - Off-side.
8:11 of 1st period - Boone Jenner wins face-off versus Lars Eller in neutral zone.
9:46 of 1st period - Off-side.
9:47 of 1st period - Lars Eller wins face-off versus Boone Jenner in neutral zone.
10:12 of 1st period - Dylan Olsen is hit by Philip Larsen and loses puck.
10:36 of 1st period - Snap shot by Brandon Pirri.
10:36 of 1st period - Shot Misses the Net.
11:22 of 1st period - Slapshot by Philip Larsen.
11:22 of 1st period - Stopped by Andrew Hammond without a rebound.
11:23 of 1st period - Cody Eakin wins face-off versus Lars Eller in Harfangs zone.
11:23 of 1st period - Cody Eakin is hit by Lars Eller.
11:26 of 1st period - Minor Penalty to Vojtech Polak for Tripping.
11:27 of 1st period - Lars Eller wins face-off versus Sebastian Wannstrom in Harfangs zone.
11:29 of 1st period - Snap shot by Nick Spaling.
11:29 of 1st period - Stopped by Andrew Hammond without a rebound.
11:30 of 1st period - Lars Eller wins face-off versus Cody Eakin in Harfangs zone.
11:35 of 1st period - Backhand shot by Nick Spaling.
11:35 of 1st period - Stopped by Andrew Hammond with a rebound.
11:37 of 1st period - Snap shot by Lars Eller.
11:37 of 1st period - Stopped by Andrew Hammond without a rebound.
11:38 of 1st period - Lars Eller wins face-off versus Sebastian Wannstrom in Harfangs zone.
12:56 of 1st period - Icing by Viktor Loov.
12:57 of 1st period - David Desharnais wins face-off versus Boone Jenner in Staline zone.
13:26 of 1st period - Penalty to Vojtech Polak is over, Vojtech Polak is back on ice.
13:46 of 1st period - Snap shot by Brandon Pirri.
13:46 of 1st period - Shot Blocked by Dustin Kohn.
13:48 of 1st period - Snap shot by Dustin Jeffrey.
13:48 of 1st period - Stopped by Allen York without a rebound.
13:49 of 1st period - Calle Jarnkrok wins face-off versus David Desharnais in Staline zone.
13:52 of 1st period - Wrist shot by Brandon Pirri.
13:52 of 1st period - Stopped by Allen York without a rebound.
13:53 of 1st period - Calle Jarnkrok wins face-off versus Tyler Pitlick in Staline zone.
14:06 of 1st period - Slapshot by Victor Bartley.
14:06 of 1st period - Deflect By Dustin Jeffrey.
14:06 of 1st period - Stopped by Allen York without a rebound.
14:07 of 1st period - Cody Eakin wins face-off versus Jordan Caron in Staline zone.
14:10 of 1st period - Wrist shot by Tomas Kubalik.
14:10 of 1st period - Shot Misses the Net.
14:12 of 1st period - Minor Penalty to Stu Bickel for Roughing.
14:13 of 1st period - Nick Spaling wins face-off versus Cody Eakin in Staline zone.
14:22 of 1st period - Nick Spaling is hit by Tomas Kubalik and loses puck.
15:29 of 1st period - Brock Nelson is hit by Tomas Kubalik.
15:36 of 1st period - Icing by Cody Eakin.
15:37 of 1st period - James Sheppard wins face-off versus Cody Eakin in Harfangs zone.
16:06 of 1st period - Dustin Kohn is hit by Brandon Pirri and loses puck.
16:12 of 1st period - Penalty to Stu Bickel is over, Stu Bickel is back on ice.
18:09 of 1st period - Minor Penalty to Reid McNeill for Diving.
18:10 of 1st period - Cody Eakin wins face-off versus Lars Eller in Harfangs zone.
18:24 of 1st period - Slapshot by Dustin Kohn.
18:24 of 1st period - Shot Blocked by Vojtech Polak.
18:26 of 1st period - Slapshot by Lars Eller.
18:26 of 1st period - Shot Misses the Net.
19:30 of 1st period - Nick Spaling is hit by Andreas Martinsen and loses puck.
19:35 of 1st period - Slapshot by Victor Bartley.
19:35 of 1st period - Shot Blocked by Jordan Caron.
Goals for this period are 0 for Harfangs vs 1 for Staline.
Shots for this period are 4 for Harfangs vs 7 for Staline.
2nd period
0:01 of 2nd period - Cody Eakin wins face-off versus Lars Eller in neutral zone.
0:09 of 2nd period - Penalty to Reid McNeill is over, Reid McNeill is back on ice.
0:37 of 2nd period - James Sheppard is hit by Cody Eakin and loses puck.
0:58 of 2nd period - Brock Nelson is hit by Dustin Jeffrey and loses puck.
1:03 of 2nd period - Snap shot by Dustin Jeffrey.
1:03 of 2nd period - Stopped by Allen York without a rebound.
1:04 of 2nd period - Lars Eller wins face-off versus Boone Jenner in Staline zone.
1:04 of 2nd period - Lars Eller is hit by Boone Jenner.
1:26 of 2nd period - Minor Penalty to Andreas Martinsen for Holding.
1:27 of 2nd period - Cody Eakin wins face-off versus Jordan Caron in Harfangs zone.
1:36 of 2nd period - Brian Lashoff is hit by Dustin Kohn and loses puck.
1:49 of 2nd period - Minor Penalty to Victor Bartley for High sticking.
1:50 of 2nd period - Lars Eller wins face-off versus Cody Eakin in Harfangs zone.
1:57 of 2nd period - Cody Eakin is hit by Nick Spaling and loses puck.
3:26 of 2nd period - Penalty to Andreas Martinsen is over, Andreas Martinsen is back on ice.
3:49 of 2nd period - Penalty to Victor Bartley is over, Victor Bartley is back on ice.
3:54 of 2nd period - Viktor Loov is hit by Dustin Jeffrey and loses puck.
4:17 of 2nd period - Slapshot by Philip Larsen.
4:17 of 2nd period - Shot Blocked by Boone Jenner.
4:19 of 2nd period - Slapshot by Jordan Szwarz.
4:19 of 2nd period - Goal by Jordan Szwarz - Harfangs : 0 - Staline : 2.
4:20 of 2nd period - Cody Eakin wins face-off versus Lars Eller in neutral zone.
4:33 of 2nd period - Wrist shot by Tomas Kubalik.
4:33 of 2nd period - Shot Misses the Net.
4:35 of 2nd period - Wrist shot by Cody Eakin.
4:35 of 2nd period - Shot Misses the Net.
4:54 of 2nd period - Wrist shot by Marek Zagrapan.
4:54 of 2nd period - Stopped by Andrew Hammond with a rebound.
4:56 of 2nd period - Wrist shot by Marek Zagrapan.
4:56 of 2nd period - Shot Misses the Net.
5:32 of 2nd period - Slapshot by Philip Larsen.
5:32 of 2nd period - Stopped by Andrew Hammond with a rebound.
5:52 of 2nd period - Tomas Kubalik is hit by Lars Eller.
6:21 of 2nd period - Snap shot by Brandon Pirri.
6:21 of 2nd period - Shot Misses the Net.
6:43 of 2nd period - Slapshot by Colton Sissons.
6:43 of 2nd period - Stopped by Allen York with a rebound.
6:57 of 2nd period - Nick Spaling is hit by Tomas Kubalik and loses puck.
7:12 of 2nd period - Corey Trivino is hit by Brandon Pirri.
7:22 of 2nd period - Vojtech Polak is hit by Danny Kristo and loses puck.
7:29 of 2nd period - Marek Zagrapan is hit by Cody Eakin and loses puck.
7:54 of 2nd period - Minor Penalty to Viktor Loov for Holding.
7:55 of 2nd period - Nick Spaling wins face-off versus Cody Eakin in Staline zone.
8:02 of 2nd period - Snap shot by Lars Eller.
8:02 of 2nd period - Shot Blocked by Brian Lashoff.
8:13 of 2nd period - Minor Penalty to Victor Bartley for Charging.
8:14 of 2nd period - Cody Eakin wins face-off versus Nick Spaling in Harfangs zone.
8:28 of 2nd period - Slapshot by Lars Eller.
8:28 of 2nd period - Stopped by Andrew Hammond with a rebound.
8:30 of 2nd period - Slapshot by Dustin Kohn.
8:30 of 2nd period - Stopped by Andrew Hammond with a rebound.
9:10 of 2nd period - Icing by Brian Lashoff.
9:11 of 2nd period - Nick Spaling wins face-off versus Tomas Kubalik in Harfangs zone.
9:12 of 2nd period - Snap shot by Lars Eller.
9:12 of 2nd period - Shot Misses the Net.
9:20 of 2nd period - Lars Eller is hit by Brian Lashoff and loses puck.
9:25 of 2nd period - Wrist shot by Tomas Kubalik.
9:25 of 2nd period - Goal by Tomas Kubalik - Harfangs : 1 - Staline : 2.
9:26 of 2nd period - Cody Eakin wins face-off versus Nick Spaling in neutral zone.
9:33 of 2nd period - Snap shot by Vojtech Polak.
9:33 of 2nd period - Shot Misses the Net.
9:35 of 2nd period - Snap shot by Vojtech Polak.
9:35 of 2nd period - Shot Misses the Net.
9:37 of 2nd period - Slapshot by Dylan Olsen.
9:37 of 2nd period - Shot Blocked by Nick Spaling.
9:39 of 2nd period - Slapshot by Dylan Olsen.
9:39 of 2nd period - Stopped by Allen York with a rebound.
9:41 of 2nd period - Snap shot by Vojtech Polak.
9:41 of 2nd period - Shot Misses the Net.
9:51 of 2nd period - Vojtech Polak is hit by Lars Eller and loses puck.
9:54 of 2nd period - Penalty to Viktor Loov is over, Viktor Loov is back on ice.
10:00 of 2nd period - Slapshot by Nick Spaling.
10:00 of 2nd period - Shot Hit the Post.
10:02 of 2nd period - Wrist shot by Viktor Loov.
10:02 of 2nd period - Shot Misses the Net.
10:04 of 2nd period - Wrist shot by Lars Eller.
10:04 of 2nd period - Stopped by Andrew Hammond without a rebound.
10:05 of 2nd period - Tomas Kubalik wins face-off versus David Desharnais in Harfangs zone.
10:13 of 2nd period - Penalty to Victor Bartley is over, Victor Bartley is back on ice.
10:34 of 2nd period - Slapshot by Michal Repik.
10:34 of 2nd period - Shot Misses the Net.
11:14 of 2nd period - Wrist shot by Brian Lashoff.
11:14 of 2nd period - Shot Misses the Net.
11:22 of 2nd period - Slapshot by Dustin Kohn.
11:22 of 2nd period - Stopped by Andrew Hammond without a rebound.
11:23 of 2nd period - Calle Jarnkrok wins face-off versus David Desharnais in Harfangs zone.
11:56 of 2nd period - Brandon Pirri is hit by Lars Eller and loses puck.
12:14 of 2nd period - Danny Kristo is hit by Calle Jarnkrok and loses puck.
12:39 of 2nd period - Dustin Kohn is hit by Cody Eakin and loses puck.
13:56 of 2nd period - Slapshot by Nick Spaling.
13:56 of 2nd period - Shot Misses the Net.
14:00 of 2nd period - Wrist shot by Nick Spaling.
14:00 of 2nd period - Stopped by Andrew Hammond without a rebound.
14:01 of 2nd period - David Desharnais wins face-off versus Boone Jenner in Harfangs zone.
14:04 of 2nd period - Wrist shot by Brock Nelson.
14:04 of 2nd period - Stopped by Andrew Hammond with a rebound.
14:06 of 2nd period - Snap shot by Tyler Pitlick.
14:06 of 2nd period - Shot Misses the Net.
14:35 of 2nd period - Snap shot by James Sheppard.
14:35 of 2nd period - Stopped by Andrew Hammond with a rebound.
14:49 of 2nd period - Snap shot by Brandon Pirri.
14:49 of 2nd period - Stopped by Allen York with a rebound.
14:51 of 2nd period - Snap shot by Dustin Jeffrey.
14:51 of 2nd period - Stopped by Allen York without a rebound.
14:52 of 2nd period - Jordan Szwarz wins face-off versus Calle Jarnkrok in Staline zone.
14:52 of 2nd period - Jordan Szwarz is hit by Nathan Beaulieu.
15:00 of 2nd period - Brandon Pirri is hit by Corey Trivino and loses puck.
15:01 of 2nd period - Brandon Pirri from Harfangs is injured at 15:01 of 2nd period (Torn Left Knee Ligaments).
15:02 of 2nd period - Cody Eakin wins face-off versus Lars Eller in Harfangs zone.
15:29 of 2nd period - Dustin Jeffrey is hit by Stu Bickel and loses puck.
15:34 of 2nd period - Wrist shot by Tyler Pitlick.
15:34 of 2nd period - Shot Misses the Net.
15:36 of 2nd period - Snap shot by Tyler Pitlick.
15:36 of 2nd period - Shot Blocked by Dustin Jeffrey.
15:38 of 2nd period - Snap shot by David Desharnais.
15:38 of 2nd period - Goal by David Desharnais - Harfangs : 1 - Staline : 3.
15:39 of 2nd period - Cody Eakin wins face-off versus Lars Eller in neutral zone.
16:05 of 2nd period - Cody Eakin is hit by Stu Bickel and loses puck.
16:14 of 2nd period - Backhand shot by Nathan Beaulieu.
16:14 of 2nd period - Stopped by Allen York with a rebound.
16:16 of 2nd period - Minor Penalty to Dustin Kohn for Roughing.
16:17 of 2nd period - Nick Spaling wins face-off versus Calle Jarnkrok in Staline zone.
16:32 of 2nd period - Wrist shot by Calle Jarnkrok.
16:32 of 2nd period - Shot Misses the Net.
17:51 of 2nd period - Icing by Victor Bartley.
17:52 of 2nd period - James Sheppard wins face-off versus Cody Eakin in Harfangs zone.
17:55 of 2nd period - Slapshot by Stu Bickel.
17:55 of 2nd period - Shot Blocked by Dylan Olsen.
18:16 of 2nd period - Penalty to Dustin Kohn is over, Dustin Kohn is back on ice.
18:23 of 2nd period - Lars Eller is hit by Nathan Beaulieu and loses puck.
18:38 of 2nd period - Wrist shot by David Desharnais.
18:38 of 2nd period - Stopped by Andrew Hammond with a rebound.
18:56 of 2nd period - Philip Larsen is hit by Brandon Saad and loses puck.
19:07 of 2nd period - Snap shot by Colton Sissons.
19:07 of 2nd period - Shot Misses the Net.
19:09 of 2nd period - Wrist shot by Mark Alt.
19:09 of 2nd period - Stopped by Allen York without a rebound.
19:10 of 2nd period - David Desharnais wins face-off versus Cody Eakin in Staline zone.
19:21 of 2nd period - Snap shot by Brock Nelson.
19:21 of 2nd period - Shot Misses the Net.
19:35 of 2nd period - Danny Kristo is hit by Boone Jenner and loses puck.
Goals for this period are 1 for Harfangs vs 2 for Staline.
Shots for this period are 8 for Harfangs vs 12 for Staline.
3rd period
0:01 of 3rd period - Lars Eller wins face-off versus Cody Eakin in neutral zone.
0:04 of 3rd period - Vojtech Polak is hit by Lars Eller and loses puck.
0:05 of 3rd period - Vojtech Polak from Harfangs is injured at 0:05 of 3rd period (Strained Right Elbow).
0:06 of 3rd period - Cody Eakin wins face-off versus Lars Eller in Harfangs zone.
0:13 of 3rd period - Snap shot by Tomas Kubalik.
0:13 of 3rd period - Stopped by Allen York without a rebound.
0:14 of 3rd period - Lars Eller wins face-off versus Cody Eakin in Staline zone.
0:14 of 3rd period - Lars Eller is hit by Tomas Kubalik.
0:17 of 3rd period - Minor Penalty to Stu Bickel for High sticking.
0:18 of 3rd period - Angelo Esposito wins face-off versus Nick Spaling in Staline zone.
0:22 of 3rd period - Snap shot by Tomas Kubalik.
0:22 of 3rd period - Stopped by Allen York with a rebound.
0:24 of 3rd period - Slapshot by Victor Bartley.
0:24 of 3rd period - Stopped by Allen York with a rebound.
0:26 of 3rd period - Slapshot by Brian Lashoff.
0:26 of 3rd period - Deflect By Angelo Esposito.
0:26 of 3rd period - Shot Blocked by Dustin Kohn.
0:26 of 3rd period - Puck is out of play.
0:27 of 3rd period - Nick Spaling wins face-off versus Cody Eakin in Staline zone.
0:38 of 3rd period - Snap shot by Cody Eakin.
0:38 of 3rd period - Deflect By Tomas Kubalik.
0:38 of 3rd period - Shot Misses the Net.
0:38 of 3rd period - Puck is out of play.
0:39 of 3rd period - Cody Eakin wins face-off versus Nick Spaling in Staline zone.
0:44 of 3rd period - Wrist shot by Cody Eakin.
0:44 of 3rd period - Stopped by Allen York with a rebound.
1:12 of 3rd period - Snap shot by Nathan Beaulieu.
1:12 of 3rd period - Goal by Nathan Beaulieu - Harfangs : 2 - Staline : 3.
1:13 of 3rd period - Lars Eller wins face-off versus Cody Eakin in neutral zone.
1:25 of 3rd period - Minor Penalty to Angelo Esposito for Tripping.
1:26 of 3rd period - Lars Eller wins face-off versus Cody Eakin in Harfangs zone.
1:30 of 3rd period - Wrist shot by Lars Eller.
1:30 of 3rd period - Shot Blocked by Brian Lashoff.
1:32 of 3rd period - Slapshot by Stu Bickel.
1:32 of 3rd period - Stopped by Andrew Hammond with a rebound.
1:34 of 3rd period - Snap shot by Lars Eller.
1:34 of 3rd period - Goal by Lars Eller - Harfangs : 2 - Staline : 4.
1:35 of 3rd period - Lars Eller wins face-off versus Cody Eakin in neutral zone.
1:50 of 3rd period - Snap shot by Tomas Kubalik.
1:50 of 3rd period - Deflect By Cody Eakin.
1:50 of 3rd period - Stopped by Allen York with a rebound.
2:00 of 3rd period - Tyler Pitlick is hit by Dustin Jeffrey and loses puck.
2:25 of 3rd period - Slapshot by Victor Bartley.
2:25 of 3rd period - Stopped by Allen York with a rebound.
2:27 of 3rd period - Slapshot by Brian Lashoff.
2:27 of 3rd period - Stopped by Allen York without a rebound.
2:28 of 3rd period - Lars Eller wins face-off versus Boone Jenner in Staline zone.
2:53 of 3rd period - Brock Nelson is hit by Dylan Olsen and loses puck.
3:22 of 3rd period - Snap shot by Dustin Jeffrey.
3:22 of 3rd period - Stopped by Allen York with a rebound.
3:24 of 3rd period - Wrist shot by Dustin Jeffrey.
3:24 of 3rd period - Stopped by Allen York with a rebound.
3:37 of 3rd period - Minor Penalty to Joel Armia for Cross-checking.
3:38 of 3rd period - Lars Eller wins face-off versus Cody Eakin in Harfangs zone.
5:37 of 3rd period - Penalty to Joel Armia is over, Joel Armia is back on ice.
5:54 of 3rd period - Danny Kristo is hit by Angelo Esposito and loses puck.
5:58 of 3rd period - Icing by Mike Reilly.
5:59 of 3rd period - Marek Zagrapan wins face-off versus Colton Sissons in Staline zone.
5:59 of 3rd period - Marek Zagrapan is hit by Brandon Saad.
6:04 of 3rd period - Off-side.
6:05 of 3rd period - Lars Eller wins face-off versus Colton Sissons in neutral zone.
6:16 of 3rd period - Snap shot by Lars Eller.
6:16 of 3rd period - Stopped by Andrew Hammond with a rebound.
6:18 of 3rd period - Slapshot by Lars Eller.
6:18 of 3rd period - Shot Blocked by Nick Holden.
6:20 of 3rd period - Snap shot by Stu Bickel.
6:20 of 3rd period - Deflect By Nick Spaling.
6:20 of 3rd period - Shot Misses the Net.
6:20 of 3rd period - Puck is out of play.
6:21 of 3rd period - David Desharnais wins face-off versus Cody Eakin in Harfangs zone.
6:26 of 3rd period - Snap shot by David Desharnais.
6:26 of 3rd period - Shot Misses the Net.
6:28 of 3rd period - Minor Penalty to Angelo Esposito for Goalie Interference.
6:29 of 3rd period - Lars Eller wins face-off versus Cody Eakin in Harfangs zone.
6:40 of 3rd period - Snap shot by Dustin Kohn.
6:40 of 3rd period - Shot Misses the Net.
6:42 of 3rd period - Wrist shot by Jordan Caron.
6:42 of 3rd period - Shot Misses the Net.
6:44 of 3rd period - Wrist shot by Stu Bickel.
6:44 of 3rd period - Stopped by Andrew Hammond without a rebound.
6:45 of 3rd period - Cody Eakin wins face-off versus Lars Eller in Harfangs zone.
8:28 of 3rd period - Penalty to Angelo Esposito is over, Angelo Esposito is back on ice.
8:40 of 3rd period - Slapshot by Calle Jarnkrok.
8:40 of 3rd period - Stopped by Allen York with a rebound.
8:42 of 3rd period - Slapshot by Dustin Jeffrey.
8:42 of 3rd period - Harfangs goal is going for a video replay.
8:42 of 3rd period - The goal is good.
8:42 of 3rd period - Goal by Dustin Jeffrey - Harfangs : 3 - Staline : 4.
8:43 of 3rd period - Cody Eakin wins face-off versus David Desharnais in neutral zone.
8:48 of 3rd period - Wrist shot by Cody Eakin.
8:48 of 3rd period - Stopped by Allen York with a rebound.
9:18 of 3rd period - Snap shot by Cody Eakin.
9:18 of 3rd period - Shot Misses the Net.
9:28 of 3rd period - Slapshot by Brock Nelson.
9:28 of 3rd period - Stopped by Andrew Hammond without a rebound.
9:29 of 3rd period - Lars Eller wins face-off versus Calle Jarnkrok in Harfangs zone.
10:03 of 3rd period - Backhand shot by Victor Bartley.
10:03 of 3rd period - Stopped by Allen York with a rebound.
10:23 of 3rd period - Snap shot by Joel Armia.
10:23 of 3rd period - Stopped by Allen York without a rebound.
10:24 of 3rd period - Colton Sissons wins face-off versus Lars Eller in Staline zone.
10:45 of 3rd period - Minor Penalty to Joel Armia for Hooking.
10:46 of 3rd period - Cody Eakin wins face-off versus Lars Eller in Harfangs zone.
10:57 of 3rd period - Slapshot by Dustin Kohn.
10:57 of 3rd period - Stopped by Andrew Hammond with a rebound.
11:46 of 3rd period - Nathan Beaulieu is hit by Tyler Pitlick and loses puck.
12:37 of 3rd period - Dylan Olsen is hit by David Desharnais and loses puck.
12:45 of 3rd period - Penalty to Joel Armia is over, Joel Armia is back on ice.
13:11 of 3rd period - Slapshot by Bryan Bickell.
13:11 of 3rd period - Shot Misses the Net.
13:13 of 3rd period - Slapshot by Mike Reilly.
13:13 of 3rd period - Stopped by Andrew Hammond with a rebound.
14:07 of 3rd period - Snap shot by Tomas Kubalik.
14:07 of 3rd period - Shot Blocked by Dustin Kohn.
14:47 of 3rd period - Off-side.
14:48 of 3rd period - Marek Zagrapan wins face-off versus Boone Jenner in neutral zone.
14:51 of 3rd period - Wrist shot by James Sheppard.
14:51 of 3rd period - Stopped by Andrew Hammond without a rebound.
14:52 of 3rd period - Lars Eller wins face-off versus Cody Eakin in Harfangs zone.
15:18 of 3rd period - Wrist shot by Brock Nelson.
15:18 of 3rd period - Stopped by Andrew Hammond with a rebound.
15:26 of 3rd period - Snap shot by Tyler Pitlick.
15:26 of 3rd period - Stopped by Andrew Hammond with a rebound.
15:52 of 3rd period - Minor Penalty to Dylan Olsen for Holding.
15:53 of 3rd period - Cody Eakin wins face-off versus Lars Eller in Harfangs zone.
16:18 of 3rd period - Icing by Lars Eller.
16:19 of 3rd period - Cody Eakin wins face-off versus Lars Eller in Staline zone.
16:32 of 3rd period - Slapshot by Dustin Kohn.
16:32 of 3rd period - Goal by Dustin Kohn - Harfangs : 3 - Staline : 5.
16:33 of 3rd period - Marek Zagrapan wins face-off versus Boone Jenner in neutral zone.
16:36 of 3rd period - Victor Bartley is hit by Danny Kristo and loses puck.
16:55 of 3rd period - Dustin Kohn is hit by Andreas Martinsen and loses puck.
17:29 of 3rd period - Backhand shot by Brian Lashoff.
17:29 of 3rd period - Stopped by Allen York without a rebound.
17:30 of 3rd period - David Desharnais wins face-off versus Colton Sissons in Staline zone.
17:38 of 3rd period - Minor Penalty to Dylan Olsen for Hooking.
17:39 of 3rd period - Cody Eakin wins face-off versus Lars Eller in Harfangs zone.
17:39 of 3rd period - Cody Eakin is hit by Stu Bickel.
17:51 of 3rd period - Snap shot by Jordan Caron.
17:51 of 3rd period - Stopped by Andrew Hammond with a rebound.
18:05 of 3rd period - Stu Bickel is hit by Dustin Jeffrey and loses puck.
19:15 of 3rd period - Nathan Beaulieu is hit by Viktor Loov.
19:38 of 3rd period - Penalty to Dylan Olsen is over, Dylan Olsen is back on ice.
19:52 of 3rd period - Snap shot by Tomas Kubalik.
19:52 of 3rd period - Stopped by Allen York with a rebound.
19:54 of 3rd period - Slapshot by Victor Bartley.
19:54 of 3rd period - Stopped by Allen York with a rebound.
Goals for this period are 2 for Harfangs vs 2 for Staline.
Shots for this period are 18 for Harfangs vs 12 for Staline.
Back to the Top